Map: Acid Plant LE

Players

dDreAm - Winner!

  • Race: Protoss Protoss
  • Spawn Location: 5:00

FoxeR

  • Race: Terran Terran
  • League: Master
  • Spawn Location: 11:00

VOD

Have the link to the VOD?

Description

Time

  • Played on: March 19, 2018, 2:14 p.m.
  • Length: 12:05
Show
View Real Time Build Order
Export as new Build Order

dDreAm Protoss - Winner!

Build Orders: 1 Gate Expand, Double Forge 

Get SALT Encoding   

  12  0:01  Probe  
  13  0:13  Probe  
  14  0:19  Pylon  
  14  0:25  Probe  
  15  0:38  Gateway  
  15  0:39  Probe (Chrono Boost)  
  16  0:46  Assimilator  
  17  0:51  Probe (Chrono Boost)  
  17  0:56  Probe (Chrono Boost)  
  18  1:05  Probe (Chrono Boost)  
  19  1:15  Probe (Chrono Boost)  
  20  1:23  Nexus  
  20  1:34  Cybernetics Core  
  20  1:38  Assimilator  
  20  1:42  Probe  
  21  1:48  Pylon  
  21  1:56  Probe  
  22  2:09  Adept (Chrono Boost)  
  22  2:11  Warp Gate  
  22  2:14  Robotics Facility  
  24  2:17  Probe  
  25  2:27  Stalker (Chrono Boost)  
  28  2:30  Probe  
  28  2:35  Probe  
  29  2:42  Probe  
  30  2:47  Probe  
  30  2:49  Stalker (Chrono Boost)  
  33  2:54  Probe  
  34  3:00  Probe  
  35  3:12  Probe  
  40  3:13  Immortal  
  40  3:15  Probe  
  40  3:19  Stalker  
  43  3:24  Probe  
  44  3:28  Shield Battery  
  44  3:31  Gateway  
  44  3:33  Probe  
  45  3:36  Probe  
  46  3:46  Gateway  
  46  3:48  Pylon  
  46  3:50  Pylon  
  46  3:55  Warp Prism  
  46  4:02  Assimilator  
  46  4:06  Probe (Chrono Boost)  
  46  4:07  Probe (Chrono Boost)  
  50  4:16  Probe x2 (Chrono Boost)  
  52  4:18  Stalker  
  52  4:21  Probe x2 (Chrono Boost)  
  56  4:27  Stalker  
  56  4:28  Pylon  
  58  4:34  Observer, Pylon  
  59  4:39  Forge  
  59  4:40  Forge  
  59  4:45  Stalker  
  59  5:02  Probe x2  
  59  5:04  Twilight Council  
  59  5:06  Pylon  
  61  5:12  Stalker  
  61  5:13  Stalker x2  
  67  5:16  Observer, Protoss Ground Weapons Level 1 (Chrono Boost)  
  67  5:19  Pylon  
  68  5:38  Protoss Ground Armor Level 1 (Chrono Boost)  
  62  5:57  Blink (Chrono Boost)  
  62  5:58  Probe x2  
  62  6:00  Nexus  
  62  6:02  Pylon  
  64  6:07  Gateway x2  
  64  6:10  Gateway  
  64  6:13  Gateway  
  64  6:17  Gateway  
  64  6:19  Probe x2  
  64  6:24  Sentry x2  
  64  6:25  Stalker  
  72  6:31  Probe x2  
  74  6:36  Pylon  
  74  6:37  Immortal  
  68  6:55  Protoss Ground Weapons Level 2 (Chrono Boost)  
  68  6:58  Probe x2  
  70  7:06  Stalker x3  
  70  7:08  Observer  
  76  7:10  Probe x2  
  76  7:11  Protoss Ground Armor Level 2 (Chrono Boost)  
  78  7:18  Probe  
  78  7:20  Stalker x2  
  78  7:22  Probe x2  
  85  7:37  Pylon, Zealot x6  
  97  7:46  Stalker x2  
  97  7:51  Charge (Chrono Boost)  
  87  8:12  Stalker x3  
  84  8:13  Stalker x3  
  84  8:15  Warp Prism  
  95  8:22  Probe x2  
  97  8:28  Zealot x2  
  97  8:31  Probe, Assimilator  
  97  8:33  Pylon  
  102  8:34  Pylon  
  90  8:58  Probe x3  
  89  9:17  Zealot x6  
  89  9:18  Zealot x2  
  89  9:24  Probe x3, Immortal  
  110  9:37  Zealot x3  
  110  9:38  Zealot x5  
  124  9:44  Templar Archives  
  124  9:46  Assimilator  
  124  9:47  Assimilator  
  120  9:59  Zealot x8  
  112  10:19  Zealot x6  
  112  10:20  Zealot x2  
  114  10:43  Zealot  
  114  10:44  Zealot x7  
  130  10:51  Nexus  
  130  10:53  Pylon  
  130  10:55  Pylon  
  128  11:03  Observer, Stargate  
  129  11:07  Pylon  
  129  11:10  Stargate, Zealot x7  
  143  11:29  Stalker  
  143  11:30  Stalker x4  
  143  11:31  Stalker  
Show
View Real Time Build Order
Export as new Build Order

FoxeR Terran 

Build Orders: Cyclone Opening, MMM Bio 

Get SALT Encoding   

  12  0:00  SCV  
  13  0:13  SCV  
  14  0:17  Supply Depot  
  14  0:25  SCV  
  15  0:39  SCV  
  16  0:42  Barracks  
  16  0:48  Refinery  
  16  0:51  SCV  
  17  1:03  SCV  
  18  1:15  SCV  
  19  1:30  Orbital Command  
  19  1:35  Marine  
  20  1:41  Command Center  
  20  1:54  Factory  
  20  1:57  SCV  
  21  2:03  Refinery  
  21  2:07  Barracks Reactor  
  21  2:09  SCV  
  21  2:14  Supply Depot  
  22  2:21  SCV  
  23  2:35  SCV  
  24  2:41  Starport  
  24  2:45  Marine x2  
  24  2:48  SCV  
  27  2:52  Orbital Command  
  26  2:59  Cyclone  
  26  3:02  Marine  
  30  3:06  Marine  
  29  3:14  SCV  
  29  3:18  Medivac  
  29  3:19  SCV  
  32  3:25  Marine x2  
  33  3:31  Cyclone  
  36  3:36  SCV  
  36  3:40  SCV  
  38  3:45  Liberator  
  38  3:48  SCV  
  39  3:50  Supply Depot  
  39  3:52  SCV  
  39  3:55  Marine x2  
  42  4:00  SCV  
  46  4:11  SCV  
  46  4:12  SCV  
  46  4:13  Factory Tech Lab, Supply Depot  
  48  4:20  Marine x2  
  48  4:24  SCV x2  
  52  4:35  Engineering Bay  
  52  4:36  SCV x2  
  52  4:37  Barracks  
  54  4:40  Factory Tech Lab, Bunker  
  54  4:41  Refinery  
  54  4:42  Marine x2  
  56  4:48  SCV x2  
  57  5:00  Siege Tank, SCV  
  57  5:04  Supply Depot  
  57  5:05  Supply Depot  
  57  5:07  Terran Infantry Weapons Level 1  
  61  5:08  SCV  
  62  5:21  Supply Depot, Missile Turret  
  62  5:25  Marine x2  
  62  5:26  Viking, SCV x2  
  62  5:27  Stimpack  
  68  5:29  Marine  
  69  5:38  SCV  
  69  5:41  SCV  
  69  5:42  Factory Tech Lab  
  67  5:43  Marine  
  67  5:44  Marine  
  67  5:48  Marine  
  67  5:50  SCV  
  67  5:53  SCV  
  68  5:59  Factory Tech Lab  
  68  6:02  Marine x2, Supply Depot, SCV  
  71  6:05  SCV  
  71  6:07  Barracks  
  71  6:10  Marine  
  73  6:14  SCV  
  73  6:17  SCV, Starport Reactor  
  75  6:20  Marine  
  75  6:23  Marine  
  77  6:26  Supply Depot, SCV  
  77  6:28  Marine  
  77  6:29  SCV  
  83  6:32  Siege Tank  
  83  6:35  Supply Depot  
  83  6:37  Marine  
  84  6:41  Marine  
  84  6:45  Marine  
  86  6:55  Marine  
  86  6:58  SCV  
  86  6:59  Marine, SCV  
  90  7:02  Command Center  
  90  7:03  Supply Depot  
  89  7:10  SCV  
  89  7:11  Barracks, SCV  
  89  7:12  Refinery  
  89  7:14  Terran Infantry Armor Level 1, Supply Depot, Starport Reactor  
  91  7:17  Marine x3  
  94  7:23  SCV x2  
  94  7:24  Marine  
  94  7:26  Marauder  
  94  7:27  Combat Shields  
  99  7:34  Marine  
  99  7:35  Armory, SCV  
  99  7:36  Supply Depot, SCV  
  102  7:38  Engineering Bay, Factory Reactor  
  102  7:41  Marine  
  102  7:43  Marine  
  102  7:44  Marine  
  105  7:46  Supply Depot  
  105  7:54  Marauder, Medivac x2  
  91  8:05  Marine  
  91  8:06  Marine  
  91  8:07  Marine x2  
  91  8:11  SCV  
  91  8:12  SCV  
  82  8:15  Marine  
  81  8:21  Widow Mine x2  
  81  8:23  Marine x2  
  81  8:24  Barracks, Medivac x2  
  81  8:25  Marine x2  
  92  8:32  Marine, Terran Infantry Weapons Level 2  
  93  8:37  Planetary Fortress  
  88  8:41  Marine x2  
  88  8:42  Marine  
  88  8:43  Marine x2  
  88  8:44  SCV  
  88  8:45  Widow Mine  
  90  8:49  SCV  
  90  8:50  Marine  
  82  8:56  SCV  
  82  8:59  Marine x3  
  82  9:01  Marine x2, Widow Mine, SCV  
  88  9:08  SCV  
  88  9:09  Marauder  
  85  9:13  SCV x2  
  86  9:17  Liberator x2  
  86  9:18  Marauder, Barracks Tech Lab  
  86  9:20  SCV  
  89  9:25  SCV x2  
  89  9:30  Marauder  
  90  9:33  SCV  
  90  9:34  Marine  
  90  9:35  Marine  
  99  9:39  Marauder  
  99  9:40  Marine  
  99  9:41  Marine  
  99  9:42  Marauder  
  99  9:43  Concussive Shells  
  105  9:51  Marauder  
  101  9:56  Marine x2  
  101  9:59  Marine x2  
  98  10:00  Marine  
  98  10:03  Marine  
  86  10:12  Marine  
  86  10:14  Marine x2  
  72  10:16  Marine x2  
  72  10:17  Medivac  
  72  10:20  Marine  
  72  10:21  Marine  
  44  10:32  Marine x2  
  44  10:34  Marine  
  42  10:38  Marine x2  
  11  11:33  SCV  
Tags
 
Add a new tag
Caveats
  • Supply blocks, unpowered buildings, or Contaminate may cause inaccurate times.
  • Supply counts are checked every 10 seconds.